 Dungeon Crawl Stone Soup version 0.19-a0-1893-ge087f11 (webtiles) character file.

331 HarryHood the Cudgeler (level 6, 0/40 HPs)
             Began as a Gargoyle Berserker on Dec 7, 2016.
             Was a Believer of Trog.
             Killed from afar by an orc wizard (6 damage)
             ... with a magic dart
             ... on level 4 of the Dungeon.
             The game lasted 00:09:16 (2878 turns).

HarryHood the Cudgeler (Gargoyle Berserker)         Turns: 2878, Time: 00:09:17

Health: 0/40       AC: 13    Str: 21    XL:     6   Next: 51%
Magic:  6/6        EV: 10    Int:  7    God:    Trog [**....]
Gold:   106        SH:  0    Dex: 11    Spells: 5/5 levels left

rFire  . . .     SeeInvis .     f - +0 flail
rCold  . . .     Faith    .     l - +0 scale mail
rNeg   + . .     Spirit   .     (no shield)
rPois  ∞         Reflect  .     g - +0 helmet
rElec  +                        h - +0 cloak
rCorr  .                        (no gloves)
MR     .....                    (no boots)
Stlth  ..........               (no amulet)
                                (no ring)
                                (no ring)

@: no status effects
A: negative energy resistance 1, electricity resistance, unbreathing,
petrification resistance, rot immunity, AC +4
a: Berserk, Trog's Hand, Burn Spellbooks, Renounce Religion


You were on level 4 of the Dungeon.
You worshipped Trog.
Trog was pleased with you.
You were not hungry.

You visited 1 branch of the dungeon, and saw 4 of its levels.

You collected 106 gold pieces.

Inventory:

Hand Weapons
 c - a +1 whip of pain
 f - a +0 flail (weapon)
Armour
 g - a +0 helmet (worn)
 h - a +0 cloak (worn)
 l - a +0 scale mail (worn)
Potions
 a - 2 potions of resistance
 b - a potion of flight
 d - 3 potions of ambrosia
 o - a potion of haste {unknown}


   Skills:
 * Level 5.0 Fighting
 - Level 6.1 Maces & Flails
 - Level 2.1 Armour
 - Level 1.5 Dodging


You had 5 spell levels left.
You didn't know any spells.

Dungeon Overview and Level Annotations

Branches:
Dungeon (4/15)
 Temple: D:3-6         Lair: D:-1         Crypt: Vaults:-1     Tomb: Vaults:-1

Altars:
Dithmenos
The Shining One


Innate Abilities, Weirdness & Mutations

You are resistant to torment.
Your stone body is resilient. (AC +4)
You are immune to poison.
You resist negative energy. (rN+)
You are resistant to electric shocks. (rElec)
You can survive without breathing.
You are immune to petrification.
You are immune to rotting.


Message History

You sock the orc (9)!
You kill the orc!
Trog accepts your kill. Something hits you but does no damage.
You sock something (12)!
You hear some strange, mumbled words.
A magic dart appears from out of thin air!
The magic dart hits you!
You hit something but do no damage.
Something hits you but does no damage. x2
You miss something.
You hear some strange, mumbled words.
A puff of flame appears from out of thin air!
The puff of flame hits you!
* * * LOW HITPOINT WARNING * * *
Something hits you but does no damage.
You miss something.
You hear some strange, mumbled words.
A magic dart appears from out of thin air!
The magic dart hits you!
You die...

##.......#
#........
#.......
#.
#......#
#o.
......#
#o{#
#....#
#..# #...#
#.o#
#.@###..#
###{...#
##..##
#..# #.##
### ##
##.# #..
.. #.# #?#
#.# #.# ##
#.# #.#
####.


There were no monsters in sight!

Vanquished Creatures
  A howler monkey (D:3)
  2 orc priests (D:4)
  An orc wizard (D:4)
  An iguana (D:3)
  Jessica (D:2)
  6 adders
  An ooze (D:3)
  2 dart slugs (D:1)
  3 leopard geckos
  6 orcs (D:4)
  3 giant cockroaches (D:2)
  8 goblins
  6 hobgoblins
  9 jackals
  7 ball pythons
  8 bats
  2 frilled lizards
  7 kobolds
  7 rats
81 creatures vanquished.

Notes
Turn   | Place    | Note
-------+----------+-------------------------------------------
     0 | D:1      | HarryHood the Gargoyle Berserker began the quest for the Orb.
     0 | D:1      | Reached XP level 1. HP: 14/14 MP: 1/1
    29 | D:1      | Reached XP level 2. HP: 19/19 MP: 2/2
   476 | D:1      | Reached skill level 4 in Maces & Flails
   677 | D:1      | Reached XP level 3. HP: 23/23 MP: 3/3
   859 | D:2      | Found a shadowy altar of Dithmenos.
   944 | D:2      | Noticed Jessica
   952 | D:2      | Killed Jessica
   952 | D:2      | Reached skill level 5 in Maces & Flails
   952 | D:2      | Reached XP level 4. HP: 28/28 MP: 4/4
   994 | D:2      | Found a glowing golden altar of the Shining One.
  1479 | D:3      | HP: 1/28 [iguana (3)]
  1493 | D:3      | Reached XP level 5. HP: 3/32 MP: 5/5
  1838 | D:3      | Reached skill level 6 in Maces & Flails
  1980 | D:3      | Reached ** piety under Trog
  2586 | D:4      | Reached XP level 6. HP: 37/38 MP: 6/6
  2870 | D:4      | Reached skill level 5 in Fighting
  2878 | D:4      | Killed from afar by an orc wizard

Vault maps used:
D:1:      dpeg_arrival_ternary
D:2:      nicolae_overflow_hidden_temple, grunt_dithmenos_smoke_and_mirrors,
          minmay_shallow_snake_nest, uniq_jessica
D:3:      first_bread, grunt_ministairs_4
D:4:      minivault_25, hangedman_abyss_or_decor_stabs

Skill      XL: |  1  2  3  4  5  6 |
---------------+-------------------+-----
Maces & Flails | 4 5 6 |  6.1
Fighting       | 4 5 |  5.0
Armour         | |  2.1
Dodging        | |  1.5

Action                   |  1- 3 |  4- 6 || total
-------------------------+-------+-------++-------
Melee: Mace              |   105 |     4 ||   109
       Whip              |       |   240 ||   240
       Flail             |       |    32 ||    32
  Use: Scroll            |       |    10 ||    10
 Stab: Sleeping          |     1 |       ||     1
Armor: Animal skin       |    49 |       ||    49
       Scale mail        |       |   127 ||   127
Dodge: Dodged            |   106 |   134 ||   240
